 Dungeon Crawl Stone Soup version 0.28.0-43-g3370ac3207 (webtiles) character file.

Game seed: 10816781879551905455

7242 Zeld the Arsonist (level 10, -4/50 HPs)
             Began as a Deep Elf Fire Elementalist on Mar 14, 2022.
             Was a Believer of Vehumet.
             Slain by a wraith (10 damage)
             ... on level 9 of the Dungeon.
             The game lasted 00:17:18 (15536 turns).

Zeld the Arsonist (Deep Elf Fire Elementalist)     Turns: 15536, Time: 00:17:18

Health: -4/50      AC:  4    Str:  5    XL:     10   Next: 88%
Magic:  24/37      EV: 13    Int: 25    God:    Vehumet [**....]
Gold:   91         SH:  0    Dex: 15    Spells: 7/33 levels left

rFire   . . .      SeeInvis .   (no weapon)
rCold   . . .      Faith    .   (no shield)
rNeg    . . .      Spirit   .   a - +0 robe
rPois   .          Reflect  .   (no helmet)
rElec   .          Harm     .   r - +0 cloak
rCorr   .          Rampage  .   o - +0 pair of gloves
Will    +....                   (no boots)
Stlth   +++.......              (no amulet)
HPRegen 0.16/turn               j - ring of magical power
MPRegen 0.25/turn               (no ring)

@: slowed, very slow
A: no striking features
a: Renounce Religion


You were on level 9 of the Dungeon.
You worshipped Vehumet.
Vehumet was pleased with you.
You visited 2 branches of the dungeon, and saw 13 of its levels.
You also visited: Sewer and Ossuary.

You collected 686 gold pieces.
You spent 595 gold pieces at shops.

Inventory:

Armour
 a - a +0 robe (worn)
 o - a +0 pair of gloves (worn)
 r - a +0 cloak (worn)
Jewellery
 j - a ring of magical power (left hand)
Wands
 q - a wand of iceblast (7)
Scrolls
 d - 4 scrolls of enchant armour
 e - a scroll of enchant weapon
 h - 5 scrolls of teleportation
 i - 2 scrolls of fear
 k - a scroll of brand weapon {unknown}
 n - a scroll of blinking
 s - a scroll of summoning
 t - 3 scrolls of vulnerability {unknown}
Potions
 c - 4 potions of brilliance
 f - 9 potions of curing
 g - 4 potions of flight
 l - 3 potions of ambrosia
 m - 2 potions of mutation {unknown}
 p - a potion of heal wounds
 u - a potion of might {unknown}


   Skills:
 - Level 4.0 Dodging
 - Level 6.0 Stealth
 - Level 12.0 Spellcasting
 + Level 8.5 Conjurations
 * Level 12.3 Fire Magic


You had 7 spell levels left.
You knew the following spells:

 Your Spells              Type           Power      Damage    Failure   Level
a - Foxfire               Conj/Fire      100%       2x1d9     1%          1
b - Scorch                Fire           100%       2d10      1%          2
c - Flame Wave            Conj/Fire      61%        2d12      1%          4
d - Fireball              Conj/Fire      30%        3d13      1%          5
e - Starburst             Conj/Fire      30%        6d9       9%          6
f - Ignition              Fire           33%        3d10      86%         8

Your spell library contained the following spells:

 Spells                   Type           Power      Damage    Failure   Level
 Sandblast                Erth           30%        2d9       4%          1
 Conjure Flame            Conj/Fire      61%        6-21      1%          3
 Inner Flame              Hex/Fire       45%        N/A       1%          3
 Stone Arrow              Conj/Erth      72%        3d11      1%          3
 Passwall                 Tmut/Erth      12%        N/A       6%          2
 Call Canine Familiar     Summ           15%        N/A       12%         3
 Ozocubu's Armour         Ice            15%        N/A       12%         3
 Portal Projectile        Hex/Tloc       30%        N/A       12%         3
 Animate Armour           Summ/Erth      30%        N/A       36%         4
 Animate Dead             Necr           7%         N/A       36%         4
 Leda's Liquefaction      Hex/Erth       7%         N/A       36%         4
 Borgnjor's Vile Clutch   Necr/Erth      7%         N/A       73%         5
 Metabolic Englaciation   Hex/Ice        7%         N/A       73%         5
 Death Channel            Necr           7%         N/A       99%         6
 Simulacrum               Ice/Necr       7%         N/A       99%         6
 Lehudib's Crystal Spear  Conj/Erth      18%        10d5      100%        8


Dungeon Overview and Level Annotations

Branches:
Dungeon (12/15)            Temple (1/1) D:7             Orc (0/2) D:12
  Sewer (visited)         Ossuary (visited)
   Lair: D:8-11

Altars:
Ashenzari
Cheibriados
Dithmenos
Elyvilon
Fedhas
Gozag
Hepliaklqana
Kikubaaqudgha
Makhleb
Nemelex Xobeh
Okawaru
Qazlal
Ru
Sif Muna
Trog
Uskayaw
Vehumet
Wu Jian
Xom
Yredelemnul
Zin
The Shining One

Shops:
D:2 ?   D:8 =[*[!!

Annotations:
D:10 Erica
D:12 1 runed translucent door, Nergalle; fknight's ghost, journeyman GnBe


Message History

Casting: Flame Wave (dangerous; 1% risk of failure)
Press: ? - help, Dir - look around, f - activate A wave of flame ripples out!
The flame wave engulfs the komodo dragon.
The komodo dragon is burned terribly!
You kill the komodo dragon!
Vehumet accepts your kill. (Press . to intensify the flame waves.)
You start resting.
A yak comes into view.
A yak is nearby!
A yak is nearby!
A yak comes into view.
A yak comes into view. 2 yaks come into view.
A wraith comes into view.
A yak comes into view.
The yak bellows!
There is a stone staircase leading up here.
The wraith misses you.
You climb upwards.
There is a stone staircase leading down here.
Casting: Flame Wave (dangerous; 1% risk of failure)
Confirm with . or Enter, or press ? or * to list all spells.
Casting: Flame Wave (dangerous; 1% risk of failure)
Press: ? - help, Dir - look around, f - activate A wave of flame ripples out!
The flame wave engulfs the yak!!
The yak is heavily wounded.
The flame wave engulfs the wraith.
The wraith is lightly damaged. (Press . to intensify the flame waves.)
The wraith hits you! The wraith drains your vigour!
You feel yourself slow down. The yak misses you.
A wave of flame ripples out!
The flame wave engulfs the yak!
The yak is almost dead.
The flame wave engulfs the wraith!
The wraith is heavily damaged.
The wraith hits you. The yak gores you!
* * * LOW HITPOINT WARNING * * *
The wraith hits you!
You die...

######### ##. #.......#
########.# #.#####.#
#......... #.# #.#
#########.###.##.# #.#
#.########.........#
#.###> #.#
#................#.###.#
## #.#
##########.#####.......#
# ..# ### #W# #######.#
### ##.###@# #.#
#....Y.# #.# ##.#####
#.# #.# #.#### #[#
#..... #.# #.#### #.#
##[.... ###.# ##.#.###
#...# ########.###.##


You could see a yak and a wraith.

Vanquished Creatures
  A two-headed ogre (D:8)
  A komodo dragon (D:10)
  A hornet (D:9)
  A wraith (Ossuary)
  12 yaks
  4 steam dragons
  An acid dragon (D:8)
  Duvessa (D:7)
  6 orc warriors
  2 water moccasins
  A hornet zombie (D:6)
  A black bear (D:5)
  3 sky beasts
  A necrophage (D:6)
  A centaur (D:9)
  A phantom (D:4)
  2 kobold brigands (Sewer)
  A bullfrog (D:7)
  4 scorpions
  Dowan (D:7)
  8 wights
  4 howler monkeys
  An electric eel (D:8)
  6 hounds
  A centaur zombie (D:9)
  3 jellies (D:4)
  2 orc priests
  A gnoll shaman (D:9)
  A centaur skeleton (D:5)
  Jessica (D:2)
  3 iguanas
  10 orc wizards
  A hound skeleton (D:5)
  A mummy (Ossuary)
  4 howler monkey zombies
  7 gnolls
  9 adders
  A howler monkey skeleton (D:7)
  2 river rats (Sewer)
  A shadow imp (D:5)
  An adder skeleton (D:5)
  A dart slug (D:3)
  27 orcs
  8 endoplasms
  A giant cockroach (D:1)
  5 goblins
  6 hobgoblins
  6 jackals
  2 quokkas
  8 ball pythons
  7 bats
  2 frilled lizards
  7 gnoll skeletons (Ossuary)
  11 kobolds
  8 kobold skeletons (Ossuary)
  10 orc skeletons (Ossuary)
  17 rats
240 creatures vanquished.

Vanquished Creatures (others)
  232 foxfires
232 creatures vanquished.

Grand Total: 472 creatures vanquished

Notes
Turn   | Place    | Note
-------+----------+-------------------------------------------
     0 | D:1      | Zeld the Deep Elf Fire Elementalist began the quest for the
                  | Orb.
     0 | D:1      | Reached XP level 1. HP: 10/10 MP: 6/6
    34 | D:1      | Reached XP level 2. HP: 15/15 MP: 2/8
  1415 | D:2      | Reached XP level 3. HP: 19/19 MP: 6/10
  1467 | D:2      | Learned a level 2 spell: Scorch
  1623 | D:2      | Reached XP level 4. HP: 24/24 MP: 4/12
  2536 | D:2      | Found a faded altar of an unknown god.
  2661 | D:2      | Found a shimmering blue altar of Sif Muna.
  2720 | D:2      | Noticed Jessica
  2725 | D:2      | Killed Jessica
  2726 | D:2      | Reached XP level 5. HP: 28/28 MP: 9/13
  2739 | D:2      | Learned a level 4 spell: Flame Wave
  3200 | D:2      | Found Gaampapt's Magic Scroll Shop.
  3205 | D:2      | Bought a scroll of identify for 22 gold pieces
  3205 | D:2      | Bought a scroll of identify for 22 gold pieces
  3205 | D:2      | Bought a scroll of identify for 22 gold pieces
  3205 | D:2      | Bought a scroll of fear for 38 gold pieces
  4149 | D:4      | Reached skill level 5 in Spellcasting
  4182 | D:4      | Noticed a phantom
  4189 | D:4      | Killed a phantom
  4190 | D:4      | Reached skill level 5 in Fire Magic
  4190 | D:4      | Reached XP level 6. HP: 22/32 MP: 2/16
  4558 | D:4      | Found a sand-covered staircase.
  4569 | Ossuary  | Entered an ossuary
  4569 | Ossuary  | Noticed a wraith
  4569 | Ossuary  | Noticed a wraith
  4569 | Ossuary  | Noticed a wraith
  5028 | Ossuary  | Noticed a wraith
  5033 | Ossuary  | Killed a wraith
  5034 | Ossuary  | Reached XP level 7. HP: 23/36 MP: 8/18
  6019 | D:5      | Entered Level 5 of the Dungeon
  6419 | D:5      | Reached skill level 5 in Stealth
  6592 | D:5      | Reached XP level 8. HP: 34/41 MP: 13/20
  7511 | D:6      | Found a glowing drain.
  7519 | Sewer    | Entered a sewer
  7757 | Sewer    | Found a white marble altar of Elyvilon.
  8042 | D:6      | Reached skill level 5 in Conjurations
  8509 | D:6      | Reached XP level 9. HP: 38/45 MP: 12/24
  8961 | D:7      | Noticed Duvessa
  8963 | D:7      | Noticed Dowan
  9281 | D:7      | Found a staircase to the Ecumenical Temple.
  9289 | Temple   | Entered the Ecumenical Temple
  9310 | Temple   | Reached skill level 10 in Spellcasting
  9671 | Temple   | Became a worshipper of Vehumet
 10569 | D:7      | Killed Dowan
 10570 | D:7      | Killed Duvessa
 10944 | D:2      | Bought a scroll of summoning for 104 gold pieces
 10944 | D:2      | Bought a scroll of enchant armour for 82 gold pieces
 10944 | D:2      | Bought a scroll of blinking for 82 gold pieces
 10944 | D:2      | Bought a scroll of teleportation for 33 gold pieces
 11583 | D:8      | Found Vusesa's Antique Armour Emporium.
 11893 | D:8      | Noticed a two-headed ogre
 11902 | D:8      | Killed a two-headed ogre
 11903 | D:8      | Reached skill level 10 in Fire Magic
 11903 | D:8      | Reached XP level 10. HP: 33/50 MP: 25/27
 12033 | D:8      | Reached * piety under Vehumet
 12033 | D:8      | Offered knowledge of Freeze by Vehumet.
 12530 | D:8      | Found Ehia's Distillery.
 12530 | D:8      | Found Cesioj's Assorted Antiques.
 12532 | D:8      | Found Ummy's Distillery.
 12532 | D:8      | Found Jahul's Armour Shop.
 12534 | D:8      | Found Funyewk's Jewellery Boutique.
 12539 | D:8      | Bought a potion of curing for 42 gold pieces
 12539 | D:8      | Bought a potion of curing for 42 gold pieces
 12802 | D:8      | Found an opulent altar of Gozag.
 12869 | D:8      | Bought a fizzy amethyst potion for 16 gold pieces
 13365 | D:9      | You fall into a shaft and drop 3 floors!
 13365 | D:12     | Noticed Nergalle
 13365 | D:12     | Found a glowing silver altar of Zin.
 13368 | D:12     | Noticed fknight's ghost (journeyman GnBe)
 13372 | D:12     | Found a runed translucent door.
 13377 | D:12     | Noticed a cyclops
 13808 | D:10     | Entered Level 10 of the Dungeon
 13823 | D:9      | Identified the +5 quarterstaff of Quwe {freeze, rPois
                  | Int+7}
 13945 | D:9      | Offered knowledge of Sandblast by Vehumet.
 15342 | D:8      | Bought 3 scrolls labelled MAEF HOUTILACK for 54 gold pieces
 15342 | D:8      | Bought a scroll of identify for 36 gold pieces
 15342 | D:8      | Identified a scroll of acquirement
 15344 | D:8      | Acquired a book of Fire
 15354 | D:8      | Learned a level 5 spell: Fireball
 15361 | D:8      | Learned a level 6 spell: Starburst
 15370 | D:8      | Learned a level 8 spell: Ignition
 15417 | D:10     | Noticed Erica
 15523 | D:10     | Reached ** piety under Vehumet
 15536 | D:9      | Slain by a wraith

Illustrated notes

Levels and vault maps discovered:
D:1:      dpeg_arrival_pond, layout_loops_ring, minmay_octomino_c4
D:2:      layout_basic, serial_shops, nicolae_shop_advertising_works
          [nicolae_subvault_shop_adworks], basic_altar,
          hellmonk_ecumenical_altar_inner_sanctum, minmay_tripent, uniq_jessica
D:3:      layout_basic
D:4:      layout_loops_ring, enter_ossuary_5
D:5:      layout_cave_pools, kennysheep_dice
D:6:      layout_loops_corners, portal_sewer_entry_e
D:7:      layout_rooms, minmay_temple_entry_offerings, uniq_duvessa
D:8:      layout_loops_ring, grunt_gozag_statues, nicolae_wooded_promenade,
          hex_medium
D:9:      cheibrodos_steamvent, layout_loops_ring
D:10:     layout_roguey, dpeg_oklobed_lair, nicolae_straight_to_the_point,
          uniq_erica
D:11:     layout_rooms
D:12:     layout_small_grid, erik_orc_2, hellmonk_ghost_happy_afterlife,
          zin_academy, uniq_nergalle
Temple:   mainiacjoe_temple_archimedes_tessellation

Skill      XL: |  1  2  3  4  5  6  7  8  9 10 |
---------------+-------------------------------+-----
Stealth        | 3 4 5 6 |  6.0
Spellcasting   | 4 5 6 7 9 11 12 | 12.0
Fire Magic     | 4 5 6 8 10 12 | 12.3
Dodging        | 3 4 |  4.0
Conjurations   | 2 3 5 6 8 |  8.5

Action                   |  1- 3 |  4- 6 |  7- 9 | 10-12 || total
-------------------------+-------+-------+-------+-------++-------
Melee: Unarmed           |     2 |    13 |     7 |     1 ||    23
       Punch             |       |     1 |     1 |       ||     2
 Cast: Foxfire           |    79 |    35 |    21 |    10 ||   145
       Scorch            |     1 |    76 |   157 |    74 ||   308
       Flame Wave        |       |       |     4 |     8 ||    12
Evoke: Wand              |       |       |     8 |       ||     8
  Use: Scroll            |       |     5 |     7 |     9 ||    21
Armor: Robe              |     1 |     8 |    14 |     7 ||    30
Dodge: Dodged            |    10 |    52 |    55 |    42 ||   159
